 Dungeon Crawl Stone Soup version 0.31-a0-700-gf13585253f (webtiles) character file.

Game seed: 17673694470199802994

8652 qw the Skirmisher (level 11, 0/71 HPs)
             Began as a Gargoyle Hunter on Sept 7, 2023.
             Was a Priest of Okawaru.
             Slain by a sun demon (8 damage)
             ... summoned by a kobold demonologist
             ... on level 10 of the Dungeon.
             The game lasted 00:04:24 (8616 turns).

qw the Skirmisher (Gargoyle Hunter)                 Turns: 8616, Time: 00:04:25

Health: 0/71       AC: 22    Str: 21    XL:     11   Next: 34%
Magic:  13/14      EV: 16    Int: 10    God:    Okawaru [***...]
Gold:   420        SH:  0    Dex: 17    Spells: 10/10 levels left

rFire   + . .        o - +0 orcbow
rCold   . . .        (shield currently unavailable)
rNeg    + . .        m - +3 ring mail {Will+}
rPois   inf          (no helmet)
rElec   +            (no cloak)
rCorr   .            (no gloves)
SInv    .            i - +1 pair of boots
Will    +....        (no amulet)
Stlth   +++          d - ring of protection from fire
HPRegen 0.31/turn    j - +6 ring of strength
MPRegen 0.14/turn

%: no passive effects
@: heroic, flying
A: sickness immunity, AC +8, negative energy resistance 1, electricity
resistance, torment resistance 1, petrification resistance, big wings, hooves 1,
iridescent scales 1, deterioration 1
a: Renounce Religion, Heroism


You were on level 10 of the Dungeon.
You worshipped Okawaru.
Okawaru was most pleased with you.
You visited 2 branches of the dungeon, and saw 11 of its levels.
You also visited: Sewer.

You collected 420 gold pieces.


Innate Abilities, Weirdness & Mutations

You are immune to sickness and miasma.
Your stone body is resilient. (AC +8)
You are immune to poison.
You resist negative energy. (rN+)
You are resistant to electric shocks. (rElec)
You are resistant to unholy torment.
You are immune to petrification.
Your large and strong wings let you fly.
You have large cloven feet.
You are partially covered in iridescent scales. (AC +2)
Your body sometimes deteriorates upon taking damage.


   Skills:
 + Level 9.3(14.3) Fighting
 - Level 14.0(19.0) Ranged Weapons
 - Level 4.0(9.0) Armour
 - Level 4.0(9.0) Dodging
 - Level 1.1(6.1) Stealth
 - Level 4.0 Invocations


You had 10 spell levels left.
You didn't know any spells.
Your spell library was empty.

Inventory:

Hand Weapons
 o - a +0 orcbow (weapon)
Armour
 c - a +3 leather armour of cold resistance
 i - a +1 pair of boots (worn)
 m - a +3 ring mail of willpower (worn)
Jewellery
 d - a ring of protection from fire (left hand)
 j - a +6 ring of strength (right hand)
Scrolls
 b - a scroll of identify
Potions
 e - 3 potions of haste
 f - a potion of might
 g - a potion of magic
 h - a potion of enlightenment
 k - 5 potions of curing
 l - a potion of mutation
 n - a potion of attraction {unknown}
 r - a potion of cancellation {unknown}

Dungeon Overview and Level Annotations

Branches:
Dungeon (10/15)            Temple (1/1) D:4           Sewer (visited)
   Lair: D:8-11         Orc: D:9-12

Altars:
Ashenzari
Cheibriados
Dithmenos
Elyvilon
Fedhas
Gozag
Hepliaklqana
Kikubaaqudgha
Makhleb
Nemelex Xobeh
Okawaru
Qazlal
Ru
Sif Muna
Trog
Uskayaw
Vehumet
Wu Jian
Xom
Yredelemnul
Zin

Shops:
D:1 ?


Message History

The chaos spawn is moderately wounded.
The chaos spawn gores you! The chaos spawn freezes you!
The kobold demonologist mumbles some strange words.
8608 ||| INVOKING Heroism.
You gain the combat prowess of a mighty hero.
The chaos spawn closely misses you.
The kobold demonologist looks braver for a moment.
You shoot an arrow.
The arrow closely misses the chaos spawn.
The arrow barely misses the kobold demonologist.
The chaos spawn gores you. The chaos spawn freezes you!
You shoot an arrow.
The arrow barely misses the chaos spawn.
The arrow hits the kobold demonologist!
The kobold demonologist is almost dead.
You shoot an arrow. The arrow hits the sun demon!
The sun demon is lightly wounded.
You shoot an arrow. The arrow barely misses the sun demon.
The arrow hits the kobold demonologist but does no damage.
The kobold demonologist is severely wounded.
The kobold demonologist looks satisfied for a moment.
You shoot an arrow. The arrow closely misses the sun demon.
The arrow hits the kobold demonologist.
The kobold demonologist is almost dead.
The sun demon barely misses you.
You shoot an arrow. The arrow closely misses the sun demon.
The arrow hits the kobold demonologist but does no damage.
The kobold demonologist is almost dead.
The kobold demonologist looks satisfied for a moment.
The sun demon hits you.
You are engulfed in flames!
You resist.
You shoot an arrow. The arrow hits the sun demon.
The sun demon is moderately wounded.
The orange demon closely misses you.
The sun demon hits you but does no damage.
The kobold demonologist miscasts a cantrip.
You shoot an arrow. The arrow hits the sun demon!
The sun demon is moderately wounded.
The orange demon disappears in a puff of smoke!
The sun demon hits you!
You are engulfed in flames!
You resist.
You die...

#.......# #######
###.......# #[....### ###
#.'.......####.###....
#.###.#............#<#....
#.....#...###.##.#+#'#....
#.#######.###.#...........
#.# #...#.....#.#.........
#.# #.#.#######.#.........
#.# #.#..@3K#...##.#.[....
#.###.#####5>..###.#####._
#.....# #55....#.# ..
####### #4.#.#.#. ..
#.....4.....# .
#...........#
#.......##.... #.......#
..### #.......# .#


You could see a sun demon (summoned), a kobold demonologist, a white imp
(summoned) and an ufetubus (summoned).

Vanquished Creatures
  Pikel (D:8)
  Joseph (D:8)
  A troll (D:7)
  A hornet (D:9)
  2 wraiths (D:9)
  23 yaks
  Eustachio (D:5)
  2 steam dragons
  An acid dragon (D:7)
  2 water moccasins
  2 ogres
  2 orc warriors
  2 sky beasts
  2 black bears
  4 centaurs
  4 lemures (D:8)
  4 kobold brigands
  A gnoll sergeant (D:8)
  2 bullfrogs
  3 scorpions
  4 wights (D:5)
  5 killer bees (D:9)
  6 hounds
  A jelly (D:3)
  An orc priest (D:9)
  Natasha (thrice) (D:2)
  9 iguanas
  A sleepcap (D:7)
  6 orc wizards
  7 gnolls
  16 adders
  3 river rats (Sewer)
  A shadow imp (D:5)
  A white imp (D:8)
  An ufetubus (D:3)
  6 worms
  2 dart slugs
  19 orcs
  8 endoplasms
  A giant cockroach (D:2)
  4 goblins
  6 hobgoblins
  2 jackals (D:5)
  3 quokkas
  5 ball pythons
  2 bats
  9 frilled lizards
  26 kobolds
  10 rats
229 creatures vanquished.

Notes
Turn   | Place    | Note
-------+----------+-------------------------------------------
     0 | D:1      | qw the Gargoyle Hunter began the quest for the Orb.
     0 | D:1      | Reached XP level 1. HP: 12/12 MP: 1/1
     0 | D:1      | 0 ||| qw: Version: 0.3-a-76-g4403597
     0 | D:1      | 0 ||| qw: Game counter: 478
     0 | D:1      | 0 ||| qw: Melee chars always use a shield: true
     0 | D:1      | 0 ||| qw: God list: Okawaru
     0 | D:1      | 0 ||| qw: Allow faded altars: false
     0 | D:1      | 0 ||| qw: Do Orc after clearing Dungeon:15 true
     0 | D:1      | 0 ||| qw: Do second Lair branch before Depths: true
     0 | D:1      | 0 ||| qw: Lair rune preference: random
     0 | D:1      | 0 ||| qw: Goals: Normal
     0 | D:1      | 0 ||| PLANNING D:1-11
   140 | D:1      | Found a faded altar of an unknown god.
   211 | D:1      | Found Duenaosme's Magic Scroll Boutique.
   219 | D:1      | 219 ||| SHOPLISTING scroll of identify (28 gold, have 13).
   441 | D:1      | 441 ||| UPGRADING to +0 pair of boots.
   446 | D:1      | 446 ||| UPGRADING to ring of protection from fire.
   447 | D:1      | 447 ||| READING scroll labelled APEOHE FO QUA.
   448 | D:1      | 448 ||| READING scroll labelled PUSTITRENE.
   449 | D:1      | 449 ||| READING scroll labelled DAGIUS QURCHA.
   450 | D:1      | 450 ||| DROPPING scroll of butterflies.
   494 | D:2      | Reached XP level 2. HP: 17/17 MP: 2/2
   564 | D:2      | Reached XP level 3. HP: 19/21 MP: 3/3
   596 | D:2      | Reached skill level 5 in Ranged Weapons
   625 | D:2      | Noticed Natasha
   627 | D:2      | 627 ||| Stepping ~*~*~tactically~*~*~ (outnumbered).
   634 | D:2      | 634 ||| Stepping ~*~*~tactically~*~*~ (retreating).
   635 | D:2      | 635 ||| Stepping ~*~*~tactically~*~*~ (retreating).
   636 | D:2      | 636 ||| Stepping ~*~*~tactically~*~*~ (retreating).
   639 | D:2      | 639 ||| Stepping ~*~*~tactically~*~*~ (retreating).
   645 | D:2      | HP: 4/22 [cerulean imp/+1 spear[Natasha] (5)]
   649 | D:2      | Killed Natasha
   650 | D:2      | Reached skill level 3 in Fighting
   650 | D:2      | Reached XP level 4. HP: 6/28 MP: 4/4
   746 | D:2      | Noticed Natasha
   754 | D:2      | Killed Natasha
   915 | D:2      | Noticed Natasha
   921 | D:2      | Killed Natasha
   922 | D:2      | Reached XP level 5. HP: 32/32 MP: 5/5
  1436 | D:2      | 1436 ||| READING scroll labelled YSUNEI FESU.
  1537 | D:2      | 1537 ||| READING scroll labelled TOSHEBYEFF.
  1669 | D:3      | Reached skill level 6 in Ranged Weapons
  1765 | D:3      | Reached skill level 1 in Armour
  2119 | D:3      | 2119 ||| UPGRADING to +3 ring mail of willpower.
  2129 | D:3      | 2129 ||| DROPPING +0 leather armour.
  2130 | D:3      | 2130 ||| READING scroll labelled ZYAMNA WIMEF KEM.
  2131 | D:3      | 2131 ||| READING 2 scrolls labelled ZAFFYPPAIT.
  2132 | D:3      | 2132 ||| READING 2 scrolls labelled MIUKUDWENWA.
  2137 | D:3      | 2137 ||| READING scroll labelled HOBLEAR KIRCHICWUE.
  2138 | D:3      | 2138 ||| READING scroll labelled WYEGRO WEVY.
  2139 | D:3      | 2139 ||| DROPPING scroll of blinking.
  2193 | D:4      | Reached XP level 6. HP: 38/38 MP: 6/6
  2236 | D:4      | Identified the +3 chain mail "Utheodde" {Rampage Drain
                  | rElec Dex+4}
  2258 | D:4      | Found a staircase to the Ecumenical Temple.
  2259 | D:4      | 2259 ||| PLANNING TEMPLE
  2266 | D:4      | 2266 ||| RETREATING.
  2270 | D:4      | 2270 ||| Stepping ~*~*~tactically~*~*~ (retreating).
  2271 | D:4      | 2271 ||| Stepping ~*~*~tactically~*~*~ (retreating).
  2281 | D:4      | HP: 9/38 [worm (5)]
  2282 | D:4      | 2282 ||| READING scroll of teleportation.
  2283 | D:4      | HP: 1/38 [worm (9)]
  2450 | Temple   | Found a transporter.
  2450 | Temple   | Found a transporter.
  2450 | Temple   | Found a transporter.
  2450 | Temple   | Found a transporter.
  2450 | Temple   | Entered the Ecumenical Temple
  2451 | Temple   | 2451 ||| PLANNING OKAWARU WORSHIP
  2468 | Temple   | Became a worshipper of Warmaster Okawaru
  2469 | Temple   | 2469 ||| PLANNING D:1-11
  2542 | D:4      | Reached skill level 7 in Ranged Weapons
  2542 | D:4      | Reached XP level 7. HP: 22/43 MP: 7/7
  2879 | D:4      | 2879 ||| DROPPING ring of flight.
  2880 | D:4      | 2880 ||| UPGRADING to +6 ring of strength.
  2881 | D:4      | 2881 ||| READING scroll labelled VEDDOEM PUKHLIE.
  2882 | D:4      | 2882 ||| READING 3 scrolls labelled SAHEGUUTREQO.
  2883 | D:4      | 2883 ||| READING 4 scrolls of identify.
  2883 | D:4      | 2883 ||| IDENTIFYING bubbling orange potion
  2884 | D:4      | 2884 ||| READING 3 scrolls of identify.
  2884 | D:4      | 2884 ||| IDENTIFYING green potion
  2885 | D:4      | 2885 ||| READING 2 scrolls of identify.
  2885 | D:4      | 2885 ||| IDENTIFYING grey potion
  2886 | D:4      | 2886 ||| DROPPING potion of brilliance.
  2887 | D:4      | 2887 ||| DROPPING 2 scrolls of noise.
  2901 | D:5      | Entered Level 5 of the Dungeon
  2902 | D:5      | 2902 ||| PLANNING SEWER
  2993 | D:5      | Found a broken altar of Ashenzari.
  3001 | D:5      | Noticed Eustachio
  3002 | D:5      | 3002 ||| READING scroll labelled HAOKHL NAZINYGH.
  3010 | D:5      | 3010 ||| Stepping ~*~*~tactically~*~*~ (retreating).
  3036 | D:5      | Killed Eustachio
  3037 | D:5      | Reached skill level 8 in Ranged Weapons
  3108 | D:5      | Found a blossoming altar of Fedhas.
  3145 | D:5      | Reached * piety under Okawaru
  3186 | D:5      | Reached skill level 1 in Invocations
  3189 | D:5      | 3189 ||| Stepping ~*~*~tactically~*~*~ (retreating).
  3190 | D:5      | 3190 ||| Stepping ~*~*~tactically~*~*~ (retreating).
  3191 | D:5      | 3191 ||| Stepping ~*~*~tactically~*~*~ (retreating).
  3194 | D:5      | 3194 ||| Stepping ~*~*~tactically~*~*~ (retreating).
  3197 | D:5      | Reached XP level 8. HP: 42/48 MP: 9/9
  3206 | D:5      | 3206 ||| INVOKING Heroism.
  3216 | D:5      | Reached skill level 3 in Invocations
  3223 | D:5      | 3223 ||| INVOKING Heroism.
  3285 | D:5      | Found a radiant altar of Vehumet.
  3305 | D:5      | Found a glowing drain.
  3309 | D:5      | 3309 ||| Stepping ~*~*~tactically~*~*~ (water).
  3314 | D:5      | 3314 ||| Stepping ~*~*~tactically~*~*~ (water).
  3320 | Sewer    | Entered a sewer
  3447 | Sewer    | 3447 ||| READING scroll of enchant armour.
  3447 | Sewer    | 3447 ||| ENCHANTING +0 pair of boots.
  3470 | Sewer    | 3470 ||| Stepping ~*~*~tactically~*~*~ (water).
  3581 | Sewer    | 3581 ||| READING scroll labelled QUNOTWOSUQ.
  3582 | Sewer    | 3582 ||| DRINKING 2 puce potions.
  3582 | Sewer    | Gained mutation: Your large and strong wings let you fly.
                  | [potion of mutation]
  3582 | Sewer    | Gained mutation: Your body sometimes deteriorates upon
                  | taking damage. [potion of mutation]
  3582 | Sewer    | Gained mutation: You have large cloven feet. [potion of
                  | mutation]
  3582 | Sewer    | Gained mutation: You are partially covered in iridescent
                  | scales. (AC +2) [potion of mutation]
  3583 | Sewer    | 3583 ||| READING 2 scrolls of identify.
  3583 | Sewer    | 3583 ||| IDENTIFYING fuming brown potion
  3629 | D:5      | 3629 ||| PLANNING D:1-11
  3798 | D:5      | 3798 ||| READING scroll labelled NUSOUM IGUMP.
  3799 | D:5      | 3799 ||| READING 2 scrolls of identify.
  3799 | D:5      | 3799 ||| IDENTIFYING inky potion
  3800 | D:5      | 3800 ||| DROPPING potion of berserk rage.
  3894 | D:6      | 3894 ||| INVOKING Heroism.
  3912 | D:6      | 3912 ||| INVOKING Heroism.
  4156 | D:6      | Reached skill level 9 in Ranged Weapons
  4305 | D:6      | 4305 ||| INVOKING Heroism.
  4309 | D:6      | Reached skill level 6 in Fighting
  4400 | D:6      | 4400 ||| Stepping ~*~*~tactically~*~*~ (outnumbered).
  4409 | D:6      | Reached XP level 9. HP: 54/55 MP: 12/12
  4534 | D:6      | 4534 ||| INVOKING Heroism.
  4606 | D:6      | 4606 ||| DROPPING +1 ring mail of positive energy.
  4607 | D:6      | 4607 ||| DRINKING 5 clear potions.
  4608 | D:6      | 4608 ||| READING 2 scrolls of identify.
  4608 | D:6      | 4608 ||| IDENTIFYING murky puce potion
  4846 | D:7      | 4846 ||| INVOKING Heroism.
  4860 | D:7      | Reached skill level 10 in Ranged Weapons
  4963 | D:7      | 4963 ||| INVOKING Heroism.
  4967 | D:7      | Reached skill level 3 in Dodging
  5014 | D:7      | 5014 ||| Stepping ~*~*~tactically~*~*~ (outnumbered).
  5016 | D:7      | 5016 ||| Stepping ~*~*~tactically~*~*~ (outnumbered).
  5017 | D:7      | 5017 ||| INVOKING Heroism.
  5036 | D:7      | 5036 ||| INVOKING Heroism.
  5271 | D:7      | Noticed a troll
  5272 | D:7      | 5272 ||| INVOKING Heroism.
  5278 | D:7      | Killed a troll
  5428 | D:7      | Reached skill level 11 in Ranged Weapons
  5529 | D:7      | Reached skill level 3 in Armour
  5608 | D:7      | 5608 ||| READING scroll labelled IHURES ICSOGOV.
  5609 | D:7      | 5609 ||| DRINKING 2 brown potions.
  5646 | D:7      | 5646 ||| DROPPING potion of lignification.
  5664 | D:8      | Found an opulent altar of Gozag.
  5668 | D:8      | 5668 ||| RETREATING.
  5669 | D:8      | 5669 ||| Stepping ~*~*~tactically~*~*~ (retreating).
  5673 | D:8      | 5673 ||| Stepping ~*~*~tactically~*~*~ (retreating).
  5674 | D:8      | 5674 ||| INVOKING Heroism.
  5676 | D:8      | Reached ** piety under Okawaru
  5680 | D:8      | Reached XP level 10. HP: 29/64 MP: 10/13
  5691 | D:8      | Noticed Pikel
  5695 | D:8      | 5695 ||| INVOKING Heroism.
  5711 | D:8      | HP: 16/64 [Pikel/+1 whip of freezing (4)]
  5712 | D:8      | 5712 ||| READING scroll of teleportation.
  5713 | D:8      | 5713 ||| DRINKING 3 potions of heal wounds.
  5812 | D:8      | Found a hide-covered altar of Uskayaw.
  5867 | D:8      | 5867 ||| RETREATING.
  5884 | D:8      | Killed Pikel
  5961 | D:8      | Noticed Joseph
  5962 | D:8      | 5962 ||| FLEEEEING.
  5973 | D:8      | 5973 ||| FLEEEEING.
  5974 | D:8      | 5974 ||| FLEEEEING.
  5976 | D:8      | 5976 ||| FLEEEEING.
  5977 | D:8      | 5977 ||| STAIRDANCE
  6006 | D:8      | 6006 ||| STAIRDANCE
  6058 | D:8      | 6058 ||| STAIRDANCE
  6097 | D:8      | 6097 ||| STAIRDANCE
  6102 | D:8      | 6102 ||| STAIRDANCE
  6157 | D:8      | 6157 ||| STAIRDANCE
  6192 | D:8      | 6192 ||| STAIRDANCE
  6250 | D:8      | 6250 ||| STAIRDANCE
  6309 | D:8      | Killed Joseph
  6310 | D:8      | Reached skill level 12 in Ranged Weapons
  6396 | D:8      | 6396 ||| INVOKING Heroism.
  6629 | D:8      | 6629 ||| FLEEEEING.
  6631 | D:8      | 6631 ||| FLEEEEING.
  6632 | D:8      | 6632 ||| FLEEEEING.
  7052 | D:8      | 7052 ||| DROPPING +1 pair of boots.
  7096 | D:9      | Reached *** piety under Okawaru
  7156 | D:9      | Reached skill level 13 in Ranged Weapons
  7199 | D:9      | 7199 ||| RETREATING.
  7209 | D:9      | 7209 ||| INVOKING Heroism.
  7218 | D:9      | HP: 16/65 [yak (4)]
  7219 | D:9      | 7219 ||| DRINKING 3 potions of heal wounds.
  7223 | D:9      | Reached skill level 9 in Fighting
  7226 | D:9      | 7226 ||| INVOKING Heroism.
  7232 | D:9      | HP: 16/66 [yak (2)]
  7233 | D:9      | 7233 ||| DRINKING 2 potions of heal wounds.
  7254 | D:9      | 7254 ||| FLEEEEING.
  7255 | D:9      | 7255 ||| FLEEEEING.
  7256 | D:9      | 7256 ||| FLEEEEING.
  7257 | D:9      | 7257 ||| FLEEEEING.
  7258 | D:9      | 7258 ||| FLEEEEING.
  7259 | D:9      | 7259 ||| FLEEEEING.
  7260 | D:9      | 7260 ||| FLEEEEING.
  7261 | D:9      | 7261 ||| FLEEEEING.
  7262 | D:9      | 7262 ||| FLEEEEING.
  7267 | D:9      | 7267 ||| FLEEEEING.
  7268 | D:9      | 7268 ||| FLEEEEING.
  7273 | D:9      | 7273 ||| FLEEEEING.
  7274 | D:9      | 7274 ||| FLEEEEING.
  7275 | D:9      | 7275 ||| FLEEEEING.
  7276 | D:9      | 7276 ||| FLEEEEING.
  7277 | D:9      | 7277 ||| FLEEEEING.
  7278 | D:9      | 7278 ||| FLEEEEING.
  7279 | D:9      | 7279 ||| STAIRDANCE
  7329 | D:9      | 7329 ||| STAIRDANCE
  7440 | D:9      | 7440 ||| Stepping ~*~*~tactically~*~*~ (outnumbered).
  7442 | D:9      | 7442 ||| Stepping ~*~*~tactically~*~*~ (outnumbered).
  7443 | D:9      | 7443 ||| Stepping ~*~*~tactically~*~*~ (outnumbered).
  7444 | D:9      | 7444 ||| Stepping ~*~*~tactically~*~*~ (outnumbered).
  7590 | D:9      | 7590 ||| RETREATING.
  7591 | D:9      | 7591 ||| SWAPPING to +0 orcbow.
  7604 | D:9      | Reached XP level 11. HP: 59/71 MP: 14/14
  7609 | D:9      | 7609 ||| INVOKING Heroism.
  7687 | D:9      | 7687 ||| DROPPING +0 heavy shortbow.
  7718 | D:9      | 7718 ||| INVOKING Heroism.
  7825 | D:9      | 7825 ||| RETREATING.
  7844 | D:9      | 7844 ||| INVOKING Heroism.
  7852 | D:9      | HP: 17/71 [yak (9)]
  7853 | D:9      | 7853 ||| DRINKING potion of heal wounds.
  8060 | D:9      | 8060 ||| RETREATING.
  8098 | D:9      | 8098 ||| INVOKING Heroism.
  8102 | D:9      | Reached skill level 14 in Ranged Weapons
  8192 | D:9      | 8192 ||| INVOKING Heroism.
  8211 | D:9      | 8211 ||| INVOKING Heroism.
  8471 | D:9      | 8471 ||| READING 2 scrolls of identify.
  8471 | D:9      | 8471 ||| IDENTIFYING smoky blue potion
  8532 | D:10     | Entered Level 10 of the Dungeon
  8533 | D:10     | Found a hazy altar of Hepliaklqana.
  8533 | D:10     | Found a sparkling altar of Nemelex Xobeh.
  8534 | D:10     | Found a glowing silver altar of Zin.
  8602 | D:10     | 8602 ||| Stepping ~*~*~tactically~*~*~ (retreating).
  8603 | D:10     | 8603 ||| Stepping ~*~*~tactically~*~*~ (retreating).
  8604 | D:10     | 8604 ||| Stepping ~*~*~tactically~*~*~ (retreating).
  8605 | D:10     | 8605 ||| Stepping ~*~*~tactically~*~*~ (retreating).
  8608 | D:10     | Noticed a sun demon
  8608 | D:10     | 8608 ||| INVOKING Heroism.
  8614 | D:10     | HP: 17/71 [sun demon[a kobold demonologist] (9)]
  8616 | D:10     | HP: 8/71 [sun demon[a kobold demonologist] (10)]
  8616 | D:10     | Slain by a sun demon

Levels and vault maps discovered:
D:1:      moated_graveyard_arrival, layout_rooms, serial_shops, shop,
          nicolae_ecumenical_lake_church, grunt_decor_mini_mirrors,
          chequers_serial_rivers_micro_a
D:2:      layout_basic, uniq_natasha
D:3:      layout_rooms
D:4:      layout_rooms, minmay_temple_entry_tees, nicolae_wormholes
D:5:      layout_cave_pools, nicolae_ashenzari_skybound,
          mainiacjoe_overflow_chevrons, vehumet_crystals,
          cheibrodos_sewer_entry_sluice, uniq_eustachio
D:6:      layout_loops_cross, nicolae_elevator_lobby_asterisk
D:7:      layout_cave_pods, serial_column_ruins, column_ruins_open_small,
          column_ruins_grid_1, column_ruins_grid_1, column_ruins_open_tiny,
          column_ruins_open_small, column_ruins_grid_1, kb_rosetta
D:8:      layout_loops_ring, nicolae_gozag_seed_capital, lemuel_crystal_altar,
          minmay_misc_feat_cross, minmay_splitting_lines, uniq_pikel,
          uniq_joseph
D:9:      layout_gridville
D:10:     lemuel_insect_pit, layout_basic,
          chequers_temple_overflow_statue_of_worship, tso_oasis_becter,
          enter_bailey_4
Temple:   hellmonk_temple_divided_pantheon

Skill      XL: |  1  2  3  4  5  6  7  8  9 10 11 |
---------------+----------------------------------+-----
Ranged Weapons | 5 6 7 8 9 11 13 14 | 14.0
Fighting       | 3 4 6 8 9 |  9.3
Armour         | 1 2 3 4 |  4.0
Invocations    | 2 4 |  4.0
Dodging        | 2 3 4 |  4.0
Stealth        | |  1.1

Action                     |  1- 3 |  4- 6 |  7- 9 | 10-12 || total
---------------------------+-------+-------+-------+-------++-------
  Melee: Unarmed           |       |     4 |       |       ||     4
   Fire: Shortbow          |    63 |   187 |   345 |   210 ||   805
         Orcbow            |       |       |       |   184 ||   184
 Invoke: Heroism           |       |       |    12 |    11 ||    23
    Use: Scroll            |     3 |     8 |    13 |     2 ||    26
         Potion            |       |       |     3 |     4 ||     7
 Armour: Leather armour    |    22 |    33 |       |       ||    55
         Skin              |       |     1 |       |       ||     1
         Ring mail         |       |    28 |   225 |   230 ||   483
  Dodge: Dodged            |    18 |    54 |   148 |   225 ||   445

Table legend:
 A = Non-vault XP
 B = Vault XP
 C = Vault XP percentage of total XP
 D = Non-vault monster count
 E = Vault monster count
 F = Vault count percentage of total count
                 A         B        C        D         E       F
            +---------+---------+-------+---------+---------+-------
      Total |   10244 |    2117 |  17.1 |     192 |      33 |  14.7
            +---------+---------+-------+---------+---------+-------
        D:1 |       9 |       0 |   0.0 |       7 |       0 |   0.0
        D:2 |     145 |      37 |  20.3 |      20 |       1 |   4.8
        D:3 |     119 |       0 |   0.0 |      21 |       0 |   0.0
        D:4 |     384 |      20 |   5.0 |      20 |       4 |  16.7
        D:5 |     587 |     206 |  26.0 |      18 |       4 |  18.2
        D:6 |     959 |       0 |   0.0 |      22 |       0 |   0.0
        D:7 |    1084 |     692 |  39.0 |      27 |       4 |  12.9
        D:8 |    1842 |    1070 |  36.7 |      20 |       2 |   9.1
        D:9 |    5115 |       0 |   0.0 |      37 |       0 |   0.0
      Sewer |       0 |      92 | 100.0 |       0 |      18 | 100.0
            +---------+---------+-------+---------+---------+-------
